 Dungeon Crawl Stone Soup version 0.30-a0-715-gdb4ae3ece1 (webtiles) character file.

Game seed: 17982367143912213801

378 hikkokomori the Trooper (level 6, -2/57 HPs)
             Began as a Hill Orc Monk on Jan 25, 2023.
             Was a Believer of Beogh.
             Slain by an orc
             ... wielding a +0 morningstar
              (3 damage)
             ... on level 5 of the Dungeon.
             The game lasted 00:07:42 (3373 turns).

hikkokomori the Trooper (Hill Orc Monk)             Turns: 3373, Time: 00:07:43

Health: -2/57      AC: 12    Str: 16    XL:     6   Next: 74%
Magic:  7/7        EV:  5    Int: 10    God:    Beogh [**....]
Gold:   167        SH:  0    Dex: 13    Spells: 4/5 levels left

rFire   . . .      SeeInvis +    a - +0 mace
rCold   . . .      Faith    .    (no shield)
rNeg    . . .      Spirit   .    k - +0 plate armour
rPois   .          Reflect  .    (no helmet)
rElec   .          Harm     .    i - +0 cloak
rCorr   .          Rampage  .    q - +0 pair of gloves
Will    .....                    (no boots) Stlth
                                 (no amulet)
HPRegen 0.29/turn                j - ring of see invisible
MPRegen 0.10/turn                (no ring)

@: no status effects
A: no striking features
a: Renounce Religion, Smiting


You were on level 5 of the Dungeon.
You worshipped Beogh.
Beogh was pleased with you.
You visited 1 branch of the dungeon, and saw 5 of its levels.

You collected 167 gold pieces.

Inventory:

Hand Weapons
 a - a +0 mace (weapon)
Missiles
 n - 2 atropa-tipped darts (quivered)
Armour
 b - a +0 robe
 i - a +0 cloak (worn)
 k - a +0 plate armour (worn)
 o - a +0 buckler
 q - a +0 pair of gloves (worn)
Jewellery
 j - a ring of see invisible (left hand)
Scrolls
 c - a scroll of enchant armour {unknown}
 d - 6 scrolls of identify {unknown}
 e - a scroll of noise
 f - a scroll of magic mapping {unknown}
 g - 3 scrolls of teleportation
 m - 2 scrolls of blinking {unknown}
Potions
 h - a potion of attraction {unknown}
 l - a potion of resistance {unknown}
 p - a potion of magic {unknown}
 r - a potion of mutation {unknown}
 s - a potion of brilliance {unknown}


   Skills:
 + Level 5.8 Fighting
 + Level 5.2 Maces & Flails
 - Level 2.5 Dodging
 - Level 1.7 Stealth
 + Level 2.5 Ice Magic
 + Level 2.5 Invocations


You had 4 spell levels left.
You knew the following spells:

 Your Spells              Type           Power      Damage    Failure   Level
a - Freeze                Ice            20%        1d4       100%        1

Your spell library contained the following spells:

 Spells                   Type           Power      Damage    Failure   Level
 Apportation              Tloc           0%         N/A       100%        1
 Necrotise                Necr           0%         1d4       100%        1
 Slow                     Hex            0%         N/A       100%        1
 Summon Small Mammal      Summ           0%         N/A       100%        1
 Confusing Touch          Hex            0%         N/A       100%        3
 Frozen Ramparts          Ice            10%        1d2       100%        3
 Gell's Gravitas          Tloc           0%         N/A       100%        3
 Hailstorm                Conj/Ice       2%         3d3       100%        3
 Teleport Other           Tloc           0%         N/A       100%        3
 Vampiric Draining        Necr           0%         2d6       100%        3
 Dispersal                Tloc           0%         N/A       100%        6


Dungeon Overview and Level Annotations

Branches:
Dungeon (5/15)
 Temple: D:4-7

Altars:
Wu Jian


Message History

The orc is lightly wounded.
The orc barely misses you. The orc hits you but does no damage.
You thump the orc!
You kill the orc!
Beogh accepts your kill. The orc hits you but does no damage.
You barely miss the orc. The orc hits you with a +0 morningstar!
You barely miss the orc. The orc hits you with a +0 morningstar.
You completely miss the orc. The orc hits you but does no damage.
You hit the ogre.
The ogre is lightly wounded.
The orc hits you but does no damage. The ogre barely misses you.
You hit the ogre.
The ogre is lightly wounded.
The orc hits you but does no damage.
The ogre hits you with a +0 giant spiked club!!
The orc hits you with a +0 morningstar.
* * * LOW HITPOINT WARNING * * *
You are too injured to fight recklessly!
You are too injured to fight recklessly!
You are too injured to fight recklessly!
You are too injured to fight recklessly!
You are too injured to fight recklessly!
You are too injured to fight recklessly!
You are too injured to fight recklessly!
You are too injured to fight recklessly!
You are too injured to fight recklessly!
You are too injured to fight recklessly!
You are too injured to fight recklessly!
You are too injured to fight recklessly!
You are too injured to fight recklessly!
You are too injured to fight recklessly!
Okay, then.
Okay, then.
The ogre attacks as you move away!
The ogre hits you with a +0 giant spiked club!
* * * LOW HITPOINT WARNING * * *
The orc hits you with a +0 morningstar.
You die...
Beogh appreciates the orc's killing of a heretic priest.

### ...
... #.#
#.# #
##.## .#
##.O)##..#
#...o....#
#..@.##.##
####.#.##
........<#
#..####.##
.. ### #


You could see an ogre and an orc.

Vanquished Creatures
  A phantom (D:4)
  A scorpion (D:4)
  A jelly (D:4)
  Natasha (D:2)
  An iguana (D:4)
  9 adders
  An ufetubus (D:2)
  2 worms
  3 dart slugs
  4 orcs
  6 ball pythons
  2 endoplasms
  2 giant cockroaches (D:3)
  5 goblins
  6 hobgoblins
  6 jackals
  3 kobolds
  2 quokkas
  6 bats
  3 frilled lizards
  4 rats
  A butterfly (D:4)
70 creatures vanquished.

Vanquished Creatures (others)
  An orc priest (D:4)
  An orc wizard (D:4)
  An orc (D:4)
  A hobgoblin (D:4)
  A jackal (D:4)
5 creatures vanquished.

Grand Total: 75 creatures vanquished

Notes
Turn   | Place    | Note
-------+----------+-------------------------------------------
     0 | D:1      | hikkokomori the Hill Orc Monk began the quest for the Orb.
     0 | D:1      | Reached XP level 1. HP: 19/19 MP: 1/1
    71 | D:1      | Reached XP level 2. HP: 22/27 MP: 2/2
   215 | D:1      | Found a faded altar of an unknown god.
   361 | D:1      | Reached XP level 3. HP: 33/33 MP: 3/3
   660 | D:2      | Learned a level 1 spell: Freeze
   907 | D:2      | Noticed Natasha
   917 | D:2      | Killed Natasha
   918 | D:2      | Reached XP level 4. HP: 25/41 MP: 4/4
  1015 | D:2      | Reached skill level 1 in Ice Magic
  1760 | D:3      | Reached skill level 5 in Fighting
  1771 | D:3      | Reached XP level 5. HP: 13/48 MP: 5/5
  2447 | D:4      | Noticed an orc warrior
  2448 | D:4      | Became a worshipper of Beogh the Brigand
  2448 | D:4      | Reached * piety under Beogh
  2448 | D:4      | Reached ** piety under Beogh
  2567 | D:4      | Noticed a phantom
  2592 | D:4      | Killed a phantom
  2593 | D:4      | Reached skill level 1 in Invocations
  2593 | D:4      | Reached XP level 6. HP: 52/56 MP: 5/7
  2664 | D:4      | Found an ornate altar of the Wu Jian Council.
  2724 | D:4      | Reached skill level 5 in Maces & Flails
  3356 | D:5      | Entered Level 5 of the Dungeon
  3373 | D:5      | HP: 1/57 [ogre/+0 giant spiked club (13)]
  3373 | D:5      | Slain by an orc

Illustrated notes

Levels and vault maps discovered:
D:1:      roderic_chinese_lattice_arrival, layout_basic,
          hellmonk_ecumenical_altar_run_dry
D:2:      layout_loops_corners, uniq_crazy_yiuf_cottage, uniq_natasha
D:3:      layout_loops_cross, minmay_tree_intersection
D:4:      layout_rooms, nicolae_wu_jian_immortal_techniques,
          hangedman_glass_garden, minmay_misc_feat_alley,
          hangedman_decor_slide_cut
D:5:      layout_loops_ring, serial_shops, shop, nicolae_shop_waterfront,
          grunt_ministairs_9, minmay_diced_spiral

Skill      XL: |  1  2  3  4  5  6 |
---------------+-------------------+-----
Fighting       | 4 5 |  5.8
Maces & Flails | 4 5 |  5.2
Ice Magic      | 1 2 |  2.5
Invocations    | 1 2 |  2.5
Dodging        | |  2.5
Stealth        | |  1.7

Action                     |  1- 3 |  4- 6 || total
---------------------------+-------+-------++-------
  Melee: Mace              |    89 |   205 ||   294
         Punch             |     1 |     7 ||     8
  Throw: Dart              |       |     1 ||     1
 Invoke: Convert to Beogh  |       |     1 ||     1
    Use: Scroll            |       |     2 ||     2
         Potion            |       |     2 ||     2
   Stab: Sleeping          |     5 |     1 ||     6
 Armour: Robe              |    25 |    29 ||    54
         Plate armour      |       |   108 ||   108
  Dodge: Dodged            |    56 |   120 ||   176

Table legend: (Time is in decaauts)
 A = Elapsed time spent in this place.
 B = Non-inter-level travel time spent in this place.
 C = Inter-level travel time spent in this place.
 D = Time resting spent in this place.
 E = Time spent auto-exploring this place.
 F = Levels seen in this place.
 G = Mean time per level.
                   A        B        C        D        E       F      G
               +--------+--------+--------+--------+--------+-----+--------+
         Total |   3423 |   3323 |    100 |    102 |   2239 |   5 |  684.6 |
       Dungeon |   3423 |   3323 |    100 |    102 |   2239 |   5 |  684.6 |
               +--------+--------+--------+--------+--------+-----+--------+

Top non-repeatable levels by time:
     D:2: 939 daAuts
     D:4: 922 daAuts
     D:3: 882 daAuts
     D:1: 660 daAuts
     D:5: 18 daAuts
